 Dungeon Crawl Stone Soup version bcrawl-1.17.3 (webtiles) character file.

Game seed: 13395077092074852671

137 Freyura the Skirmisher (level 5, -3/41 HPs)
             Began as a Demonspawn Fighter on Oct 30, 2019.
             Slain by an orc
             ... wielding a +0 mace
              (5 damage)
             ... on level 3 of the Dungeon.
             The game lasted 00:06:21 (2012 turns).

Freyura the Skirmisher (Demonspawn Fighter)         Turns: 2012, Time: 00:06:22

Health: -3/41      AC: 12    Str: 16    XL:     5   Next: 0%
Magic:  5/5        EV:  7    Int: 10    God:
Gold:   156        SH:  9    Dex: 13    Spells: 4/4 levels left

rFire    . . .     SeeInvis .   a - +0 flail
rCold    . . .     Gourm    .   c - +0 shield
rNeg     . . .     Faith    .   b - +0 scale mail
rPois    .         Spirit   .   i - +2 helmet
rElec    .         Reflect  .   (no cloak)
rCorr    .         Harm     .   (no gloves)
MR       .....                  (no boots)
Stlth    ++........             (no amulet)
HPRegen  0.13/turn              (no ring)
MPRegen  0.09/turn              (no ring)

@: no status effects
A: molten scales 1, nightstalker 2
a: no special abilities


You were on level 3 of the Dungeon.
You were hungry.

You visited 1 branch of the dungeon, and saw 3 of its levels.

You collected 156 gold pieces.

Inventory:

Hand Weapons
 a - a +0 flail (weapon)
Armour
 b - a +0 scale mail (worn)
 c - a +0 shield (worn)
 i - a +2 helmet (worn)
Jewellery
 s - an uncursed ring of wizardry {unknown}
Scrolls
 g - 2 scrolls of remove curse {unknown}
 j - a scroll of amnesia {unknown}
 k - a scroll of teleportation {unknown}
 l - a scroll of immolation {unknown}
 m - 3 scrolls of identify {unknown}
 o - a scroll of magic mapping {unknown}
 p - 2 scrolls of fear {unknown}
 q - a scroll of fog {unknown}
 r - a scroll of enchant armour {unknown}
Potions
 d - a potion of might
 e - a potion of lignification {unknown}
 h - a potion of agility {unknown}
 n - a potion of flight {unknown}
Comestibles
 f - 4 rations {!d}


   Skills:
 + Level 3.5 Fighting
 * Level 3.1 Maces & Flails
 + Level 3.2 Armour
 + Level 1.5 Dodging
 + Level 3.2 Shields


You had 4 spell levels left.
You didn't know any spells.
Your spell library was empty.

Dungeon Overview and Level Annotations

Branches:
Dungeon (3/12)

Altars:


Innate Abilities, Weirdness & Mutations

You are partially covered in molten scales. (AC +2)
You are significantly more attuned to the shadows.


Message History

You hit the orc.
The orc is heavily wounded.
The orc priest calls down the wrath of Beogh upon you.
Pain shoots through your body!
* * * LOW HITPOINT WARNING * * *
You block the orc's attack.
You see here a hound corpse.
The orc priest hits you but does no damage.
You hit the orc priest.
The orc priest is heavily wounded.
The orc barely misses you.
The orc priest hits you but does no damage.
You closely miss the orc. You block the orc's attack.
The orc hits you but does no damage.
Your shield and scale mail prevent you from hitting the orc priest.
The orc hits you but does no damage. You block the orc priest's attack.
You block the orc's attack.
Your shield prevents you from hitting the orc priest.
The orc priest closely misses you. The orc hits you with a +0 mace.
You die...

.## ..# #.######
#....... ........
..(..... ........###
#####..
......>....#####o....#
..............oo@#
.####.#####...o#o###
.####.# #....##.<.#
......####.#..####.#
.####.#.........# .#
.## #.#.......... #
..###...........#
#..#.....(......#
#...............


You could see 2 orc priests and 3 orcs.

Vanquished Creatures
  A hound (D:3)
  A worker ant (D:3)
  3 adders (D:3)
  An adder skeleton (D:3)
  3 worms
  2 dart slugs
  4 leopard geckos
  An orc (D:2)
  A ball python (D:1)
  5 bats
  A giant cockroach (D:1)
  3 goblins (D:1)
  4 hobgoblins
  A quokka (D:2)
  3 frilled lizards
  2 kobolds (D:3)
  5 rats
41 creatures vanquished.

Notes
Turn   | Place    | Note
-------+----------+-------------------------------------------
     0 | D:1      | Freyura the Demonspawn Fighter began the quest for the Orb.
     0 | D:1      | Reached XP level 1. HP: 18/18 MP: 1/1
   228 | D:1      | Gained mutation: You are partially covered in molten
                  | scales. (AC +2) [demonic ancestry]
   228 | D:1      | Reached XP level 2. HP: 22/24 MP: 2/2
   830 | D:2      | Found a faded altar of an unknown god.
   899 | D:2      | Gained mutation: You are slightly more attuned to the
                  | shadows. [demonic ancestry]
   899 | D:2      | Reached XP level 3. HP: 27/29 MP: 3/3
  1501 | D:3      | Reached skill level 1 in Dodging
  1631 | D:3      | Gained mutation: You are significantly more attuned to the
                  | shadows. [demonic ancestry]
  1631 | D:3      | Reached XP level 4. HP: 21/35 MP: 4/4
  1968 | D:3      | Reached XP level 5. HP: 14/41 MP: 5/5
  2006 | D:3      | HP: 1/41 [orc priest/nerve-wracking pain (14)]
  2012 | D:3      | Slain by an orc

Skill      XL: |  1  2  3  4 |
---------------+-------------+-----
Maces & Flails | 2 3 |  3.1
Shields        | 3 |  3.2
Dodging        | 1 |  1.5
Armour         | 3 |  3.2
Fighting       | |  3.5

Action                   |  1- 3 |  4- 6 || total
-------------------------+-------+-------++-------
Melee: Flail             |   145 |    49 ||   194
  Eat: Chunk             |     2 |     1 ||     3
Armor: Scale mail        |    98 |    48 ||   146
Dodge: Dodged            |    40 |    23 ||    63
Block: Shield            |    67 |    31 ||    98
